 Dungeon Crawl Stone Soup version 0.18.1-48-g4cf74bf (webtiles) character file.

408 Heedrag the Conjurer (level 6, -2/32 HPs)
             Began as a Deep Elf Conjurer on Aug 5, 2016.
             Slain by a phantom (5 damage)
             ... on level 4 of the Dungeon.
             The game lasted 00:08:32 (3073 turns).

Heedrag the Conjurer (Deep Elf Conjurer)            Turns: 3073, Time: 00:08:33

Health: -2/32      AC:  5    Str:  7    XL:     6   Next: 57%
Magic:  7/16       EV: 13    Int: 20    God:
Gold:   161        SH:  0    Dex: 15    Spells: 4 memorised, 2 levels left

rFire  . . .     SeeInvis .     x - +4 quarterstaff (chaos)
rCold  . . .     Gourm    .     a - +0 robe
rNeg   + . .     Faith    .     (shield currently unavailable)
rPois  .         Spirit   .     (no helmet)
rElec  .         Dismiss  .     y - +1 cloak
rCorr  .         Reflect  .     F - +0 pair of gloves
SustAt .         Harm     .     (no boots)
MR     .....                    (no amulet)
Stlth  ++........               G - ring of wizardry
                                D - ring of positive energy

@: not resistant to hostile enchantments, unstealthy
A: no striking features
a: no special abilities


You were on level 4 of the Dungeon.
You were not hungry.

You visited 1 branch of the dungeon, and saw 4 of its levels.

You collected 161 gold pieces.

Inventory:

Hand Weapons
 f - a +2 hand axe of chopping
 x - a +4 quarterstaff of chaos (weapon)
 C - a +1 short sword of electrocution
Armour
 a - a +0 robe (worn)
 w - a +0 buckler
 y - a +1 cloak (worn)
 F - a +0 pair of gloves (worn)
Jewellery
 D - a ring of positive energy (left hand)
 G - a ring of wizardry (right hand)
Scrolls
 d - a scroll of noise {unknown}
 g - 5 scrolls of remove curse {unknown}
 j - 2 scrolls of fog {unknown}
 m - a scroll of teleportation {unknown}
 o - a scroll of enchant weapon {unknown}
 H - a scroll of amnesia {unknown}
Potions
 e - 3 potions of heal wounds {unknown}
 h - 2 potions of cancellation {unknown}
 i - a potion of brilliance {unknown}
 k - a potion of might {unknown}
 l - a potion of beneficial mutation {unknown}
 q - 2 potions of curing {unknown}
 r - a potion of cure mutation {unknown}
 s - a potion of degeneration {unknown}
 u - a potion of agility {unknown}
 v - 2 potions of haste {unknown}
 B - a potion of flight {unknown}
 E - a potion of lignification {unknown}
Books
 b - a book of Conjurations

   Spells                             Type                      Level
   a - Magic Dart                     Conjuration                  1
   b - Searing Ray                    Conjuration                  2
   c - Dazzling Spray                 Conjuration/Hexes            3
   d - Fulminant Prism                Conjuration/Hexes            4
   e - Iskenderun's Mystic Blast      Conjuration                  4
   f - Iskenderun's Battlesphere      Conjuration/Charms           5
Comestibles
 c - 5 bread rations
 n - 2 fruits
 p - a royal jelly
 t - 3 chunks of flesh
 z - 3 meat rations
 A - a slice of pizza


   Skills:
 - Level 2.4 Dodging
 - Level 2.4 Stealth
 + Level 0.0 Shields
 + Level 5.4 Spellcasting
 * Level 7.3 Conjurations
 + Level 3.1 Charms


You had 2 spell levels left.
You knew the following spells:

 Your Spells              Type           Power        Failure   Level  Hunger
a - Magic Dart            Conj           ####         1%          1    None
b - Dazzling Spray        Conj/Hex       ###...       4%          3    ##.....
c - Iskenderun's Mystic   Conj           #####...     3%          4    ####...
d - Iskenderun's Battles  Conj/Chrm      ####....     16%         5    #####..


Dungeon Overview and Level Annotations

Branches:
Dungeon (4/15)
 Temple: D:4-7

Altars:
Gozag
Nemelex Xobeh


Message History

Press: ? - help, Shift-Dir - straight line, f/p - phantom
Aim: a phantom (heavily damaged, fast) Tha magic dart hits tha phantom.
Tha phantom be heavily damaged.
Castin': Magic Dart Confirm wit' . or Enter, or press ? or * ta list all spells.
Aimin': Dazzlin' Spray
Press: ? - help, Shift-Dir - straight line, f/p - phantom
Aim: a phantom (heavily damaged, fast) Tha spray o' energy misses tha phantom.
Tha phantom hits ye.
* * * LOW HITPOINT WARNIN'
* * * Castin': Dazzlin' Spray Confirm wit' . or Enter, or press ? or * ta list all spells.
Aimin': Dazzlin' Spray
Press: ? - help, Shift-Dir - straight line, f/p - phantom
Aim: a phantom (heavily damaged, fast) Tha spray o' energy hits tha phantom.
Tha phantom be severely damaged.
Tha phantom hits ye.
Ye die...

.............##.........#
###.....................##
..#..........#####........
#....#.......#####...#.###
...........#.......#.....#
.>........#####..####..#..
.......).. ##.## #.#
.......... #..## ...
.#..#.... #@..# ##.
.#.##..## #W#.# ...# ..#
.....# #.## .# #....... ..
##.####.. .. .. ... #.#
##.. #. ...


You could see a phantom.

Vanquished Creatures
  An ogre (D:4)
  A hound (D:3)
  2 orc priests (D:3)
  Crazy Yiuf (D:2)
  Jessica (D:2)
  5 adders
  3 gnolls
  2 oozes
  4 worms
  5 dart slugs
  5 orcs (D:3)
  8 giant cockroaches
  9 hobgoblins
  2 jackals (D:1)
  A quokka (D:3)
  3 ball pythons
  2 bats
  8 giant newts
  9 goblins
  11 kobolds
  3 rats
86 creatures vanquished.

Notes
Turn   | Place    | Note
--------------------------------------------------------------
     0 | D:1      | Heedrag the Deep Elf Conjurer began the quest for the Orb.
     0 | D:1      | Reached XP level 1. HP: 10/10 MP: 6/6
   151 | D:1      | Reached XP level 2. HP: 15/15 MP: 2/8
   382 | D:1      | Reached skill level 5 in Conjurations
   463 | D:1      | Reached XP level 3. HP: 19/19 MP: 7/10
   468 | D:1      | Learned a level 3 spell: Dazzling Spray
  1260 | D:2      | Found a sparkling altar of Nemelex Xobeh.
  1292 | D:1      | Reached XP level 4. HP: 4/24 MP: 1/12
  1428 | D:2      | Noticed Jessica
  1430 | D:2      | Killed Jessica
  1514 | D:2      | Reached skill level 6 in Conjurations
  1642 | D:2      | Found an opulent altar of Gozag.
  1667 | D:2      | Learned a level 4 spell: Iskenderun's Mystic Blast
  1752 | D:2      | Noticed Crazy Yiuf
  1766 | D:2      | Killed Crazy Yiuf
  1766 | D:2      | Reached XP level 5. HP: 12/28 MP: 3/14
  1781 | D:2      | Learned a level 5 spell: Iskenderun's Battlesphere
  2218 | D:3      | Reached skill level 1 in Charms
  2287 | D:3      | Reached skill level 5 in Spellcasting
  2415 | D:3      | Reached XP level 6. HP: 17/32 MP: 1/15
  2418 | D:3      | Reached skill level 7 in Conjurations
  3073 | D:4      | Slain by a phantom

Skill      XL: |  1  2  3  4  5  6 |
---------------+-------------------+-----
Conjurations   | 5 6 7 |  7.3
Spellcasting   | 4 5 |  5.4
Charms         | 2 3 |  3.1
Dodging        | |  2.4
Stealth        | |  2.4

Action                   |  1- 3 |  4- 6 || total
-------------------------+-------+-------++-------
Melee: Hand axe          |     1 |       ||     1
       Quarterstaff      |       |    17 ||    17
 Cast: Magic Dart        |    65 |   131 ||   196
       Dazzling Spray    |     3 |     7 ||    10
  Eat: Chunk             |     1 |     6 ||     7
Armor: Robe              |     1 |     9 ||    10
Dodge: Dodged            |    11 |    23 ||    34
